 Dungeon Crawl Stone Soup version 0.29.1-1-gd02db6906a (webtiles) character file.

Game seed: 8321166760335866665

7 oldmanjim the Shooter (level 2, -1/18 HPs)
             Began as a Gargoyle Hunter on Sept 24, 2022.
             Slain by a jackal (2 damage)
             ... on level 1 of the Dungeon.
             The game lasted 00:01:13 (51 turns).

oldmanjim the Shooter (Gargoyle Hunter)               Turns: 51, Time: 00:01:14

Health: -1/18      AC:  5    Str: 14    XL:     2   Next: 4%
Magic:  2/2        EV: 11    Int:  9    God:
Gold:   0          SH:  0    Dex: 13    Spells: 1/1 levels left

rFire   . . .      SeeInvis .   a - +0 shortbow
rCold   . . .      Faith    .   (shield currently unavailable)
rNeg    + . .      Spirit   .   c - +0 leather armour
rPois   ∞          Reflect  .   (no helmet)
rElec   +          Harm     .   (no cloak)
rCorr   .          Rampage  .   (no gloves)
Will    .....                   (no boots)
Stlth   ++........              (no amulet)
HPRegen 0.06/turn               (no ring)
MPRegen 0.08/turn               (no ring)

@: no status effects
A: sickness immunity, AC +2, negative energy resistance 1, electricity
resistance, torment resistance 1, petrification resistance
a: no special abilities


You were on level 1 of the Dungeon.
You visited 1 branch of the dungeon, and saw 1 of its levels.

Inventory:

Hand Weapons
 a - a +0 shortbow (weapon)
Missiles
 d - 6 stones
Armour
 c - a +0 leather armour (worn)
Scrolls
 b - a scroll of immolation


   Skills:
 + Level 2.4 Fighting
 + Level 4.1 Ranged Weapons
 - Level 1.5 Dodging
 + Level 1.6 Stealth


You had one spell level left.
You didn't know any spells.
Your spell library was empty.

Dungeon Overview and Level Annotations

Branches:
Dungeon (1/15)

Altars:


Innate Abilities, Weirdness & Mutations

You are immune to sickness and miasma.
Your stone body is resilient. (AC +2)
You are immune to poison.
You resist negative energy. (rN+)
You are resistant to electric shocks. (rElec)
You are resistant to unholy torment.
You are immune to petrification.


Message History

A nearby plant withers and dies.
The jackal bites you but does no damage.
The jackal bites you.
You are too injured to fight recklessly!
Unknown command.
You are too injured to fight recklessly!
Unknown command.
Fire: a) +0 shortbow
Press: ? - help, Q - select action, (/) - cycle Shift-Dir - straight line, f/p - jackal
Aim: a jackal (heavily wounded, 53% to hit)
You shoot an arrow. The arrow hits the jackal.
The jackal is severely wounded.
The jackal closely misses you. The jackal misses you.
The jackal barely misses you.
Fire: a) +0 shortbow
Press: ? - help, Q - select action, (/) - cycle Shift-Dir - straight line, f/p - jackal
Aim: a jackal (severely wounded, 53% to hit)
You shoot an arrow. The arrow hits the jackal.
You kill the jackal!
A nearby plant withers and dies.
The jackal barely misses you. The jackal bites you.
The jackal bites you but does no damage.
You have reached level 2!
Fire: a) +0 shortbow
Press: ? - help, Q - select action, (/) - cycle Shift-Dir - straight line, f - jackal
Aim: a jackal (53% to hit)
You shoot an arrow. The arrow barely misses the jackal.
The jackal bites you but does no damage. x2
The jackal barely misses you. The jackal bites you.
* * * LOW HITPOINT WARNING * * *
Fire: a) +0 shortbow
Press: ? - help, Q - select action, (/) - cycle Shift-Dir - straight line, f - jackal, p - jackal
Aim: a jackal (almost dead, 53% to hit)
You shoot an arrow. The arrow barely misses the jackal.
The jackal bites you.
* * * LOW HITPOINT WARNING * * *
The jackal bites you.
* * * LOW HITPOINT WARNING * * *
The jackal bites you.
You die...

### ##### ### ### #####
##.####.~.######<# ...†
#...###.~.##.~.~.#~.~#.#
.....###.♣.~..~~~..~~~≈~..≈..P#
.......'.....≈≈≈≈≈~~≈≈~≈~≈~≈.~#
...)...).~..≈≈≈≈≈≈≈≈≈≈≈≈≈≈≈≈≈~#
.......#.~~~≈~≈~≈≈≈≈~~~~≈≈≈≈~≈#
##.##..#...~.h.≈P≈~PPPPP~~≈~~~#
#..#...~.h@PPP~P~~P≈≈≈~P~P#
#..######################## ..#
... ###


You could see 2 jackals.

Vanquished Creatures
  A ball python (D:1)
  A giant cockroach (D:1)
  A goblin (D:1)
  A hobgoblin (D:1)
  A jackal (D:1)
  A kobold (D:1)
6 creatures vanquished.

Vanquished Creatures (others)
  2 plants (D:1)
2 creatures vanquished.

Grand Total: 8 creatures vanquished

Notes
Turn   | Place    | Note
-------+----------+-------------------------------------------
     0 | D:1      | oldmanjim the Gargoyle Hunter began the quest for the Orb.
     0 | D:1      | Reached XP level 1. HP: 12/12 MP: 1/1
    50 | D:1      | Reached XP level 2. HP: 5/18 MP: 2/2
    51 | D:1      | Slain by a jackal

Illustrated notes

Levels and vault maps discovered:
D:1:      lightli_arrival_windingriver, layout_rooms,
          shapermc_ecumenical_altar_mp_highgroup, minmay_bisected

Action                   || total
-------------------------++-------
 Fire: Shortbow          ||    18
Armor: Leather armour    ||    11
Dodge: Dodged            ||    16
